 Dungeon Crawl Stone Soup version 0.17-a0-512-gd6a67cc (webtiles) character file.

2358 Fluffy the Skirmisher (level 9, -3/66 (72) HPs)
             Began as a Demonspawn Gladiator on Apr 11, 2015.
             Was a Follower of Makhleb.
             Shot with a sling bullet by something (5 damage)
             ... on level 8 of the Dungeon.
             The game lasted 00:32:23 (8883 turns).

Fluffy the Skirmisher (Demonspawn Gladiator)        Turns: 8883, Time: 00:32:23

HP:   -3/66 (72)    AC: 13    Str: 18    XL:     9   Next: 20%
MP:   12/12         EV:  8    Int:  9    God:    Makhleb [*.....]
Gold: 352           SH:  0    Dex: 15    Spells: 0 memorised, 8 levels left

rFire  + + .     SeeInvis .     a - +1 long sword (curse)
rCold  x . .     Clarity  .     v - +0 chain mail
rNeg   . . .     SustAb   .     (no shield)
rPois  .         Gourm    .     c - +0 helmet
rElec  .         Spirit   .     s - +1 cloak
rCorr  .         Warding  .     (no gloves)
rMut   .         Stasis   .     (no boots)
MR     .....                    E - amulet of rage
Stlth  ..........               D - ring of fire
                                j - ring of protection from fire

@: not resistant to hostile enchantments, extremely unstealthy
A: hooves 2, demonic guardian 2, powered by pain 1
a: Renounce Religion, Evoke Berserk Rage


You were on level 8 of the Dungeon.
You worshipped Makhleb.
Makhleb was aware of your devotion.
You were not hungry.

You visited 2 branches of the dungeon, and saw 9 of its levels.

You collected 352 gold pieces.

Inventory:

Hand weapons
 a - a cursed +1 long sword (weapon)
 i - a +1 dagger of speed
Missiles
 d - 2 throwing nets
 o - 2 tomahawks of dispersal (quivered)
Armour
 c - a +0 helmet (worn)
 s - a +1 cloak (worn)
 v - a +0 chain mail (worn)
Jewellery
 j - a ring of protection from fire (left hand)
 w - an uncursed ring of ice
 D - a ring of fire (right hand)
 E - an amulet of rage (around neck)
Magical devices
 t - a wand of disintegration (13)
 G - a wand of slowing (18)
Scrolls
 h - 2 scrolls of teleportation
 p - 2 scrolls of enchant weapon
 q - a scroll of recharging
 x - a scroll of fog
 y - 2 scrolls of enchant armour
 B - 2 scrolls of remove curse
Potions
 b - 2 potions of brilliance
 e - a potion of agility
 m - 2 potions of restore abilities
 n - a potion of resistance
 r - a potion of magic
 u - a potion of flight {unknown}
 A - a potion of cancellation {unknown}
 F - a potion of poison {unknown}
Books
 C - a book of Annihilations {highlevel, unknown}

   This book is beyond your current level of understanding.

   Spells                             Type                      Level
   a - Poison Arrow                   Conjuration/Poison           6
   b - Chain Lightning                Conjuration/Air              8
   c - Lehudib's Crystal Spear        Conjuration/Earth            8
   d - Glaciate                       Conjuration/Ice              9
   e - Fire Storm                     Conjuration/Fire             9
Comestibles
 f - 3 bread rations
 g - a fruit
 k - 3 royal jellies
 l - 2 meat rations
 z - 3 slices of pizza


   Skills:
 + Level 7.4 Fighting
 + Level 7.0 Long Blades
 - Level 1.7 Throwing
 + Level 5.1 Armour
 - Level 2.6 Dodging
 + Level 5.2 Invocations


You had 8 spell levels left.
You didn't know any spells.

Dungeon Overview and Level Annotations

Branches:
Dungeon (8/15)             Temple (1/1) D:6
   Lair: D:8-11

Altars:
Ashenzari
Dithmenos
Elyvilon
Fedhas
Gozag
Kikubaaqudgha
Makhleb
Nemelex Xobeh
Okawaru
Qazlal
Ru
Sif Muna
Trog
Xom
Yredelemnul
Zin
The Shining One

Annotations:
D:8 Joseph


Innate Abilities, Weirdness & Mutations

You have hoof-like feet.
A demonic guardian rushes to your aid.
You sometimes gain a little power by taking damage.


Message History

Okay, then.
Use which ability? (? or * to list)
You fail to use your ability.
Something hits you!
* * * LOW HITPOINT WARNING * * *
Drink which item? (? for menu, Esc to quit)
Okay, then.
A sling bullet appears from out of thin air!
The sling bullet hits you but does no damage.
You see here 2 sling bullets.
Quiver which item? (- for none, * to show all) (? for menu, Esc to quit)
Quivering
o - 4 tomahawks of dispersal for throwing.
Throwing (i - inventory. (,) - cycle):
o - 4 tomahawks of dispersal (quivered)
Press: ? - help, Shift-Dir - straight line You throw a tomahawk of dispersal.
Throwing (i - inventory. (,) - cycle):
o - 3 tomahawks of dispersal (quivered)
Press: ? - help, Shift-Dir - straight line You throw a tomahawk of dispersal.
A sling bullet appears from out of thin air!
The sling bullet hits you.
You die...

..# #.#######
#.#.....#
#####.#.....# #####
#...........###...#
#.##..#.........#.#
#.#...#.....###...#
#.##......######
##.## #..ยง.@(..##
#.# ####.##.## #.#
...##.# #.# ######.#
#.# #+# ##.## #...##
#...# #.....##
##.#.# #.......##
##..>.#
#.........####...#.#


There were no monsters in sight!

Vanquished Creatures
  Eustachio (D:6)
  3 ogres (D:7)
  2 phantoms
  2 necrophages (D:7)
  3 killer bees (D:6)
  A scorpion (D:6)
  A centaur zombie (D:5)
  A hound (D:6)
  2 orc priests
  Crazy Yiuf (D:7)
  4 worker ants
  An iguana (D:7)
  6 orc wizards
  12 adders
  2 shadow imps
  5 worms
  11 giant geckos
  3 oozes (D:2)
  31 orcs
  A bat skeleton (D:5)
  11 giant cockroaches
  9 hobgoblins
  10 jackals
  11 kobolds
  11 bats
  A giant gecko skeleton (D:4)
  7 giant newts
  15 goblins
  A jackal skeleton (D:4)
  3 quokkas
  6 rats
178 creatures vanquished.

Vanquished Creatures (collateral kills)
  Pikel (D:8)
  A troll (D:4)
  Menkaure (D:7)
  Edmund (D:6)
  3 ogres
  2 killer bees (D:6)
  2 orc wizards
  2 adders
  A giant gecko (D:5)
  3 orcs
17 creatures vanquished.

Vanquished Creatures (others)
  2 sun demons
  2 soul eaters
  2 ice devils
  2 sixfirhies
  4 smoke demons
  A crimson imp (D:3)
  A white imp (D:3)
  A giant spore (D:6)
15 creatures vanquished.

Grand Total: 210 creatures vanquished

Notes
Turn   | Place    | Note
--------------------------------------------------------------
     0 | D:1      | Fluffy, the Demonspawn Gladiator, began the quest for the Orb.
     0 | D:1      | Reached XP level 1. HP: 16/16 MP: 1/1
   164 | D:1      | Reached skill level 3 in Long Blades
   262 | D:1      | Gained mutation: A weak demonic guardian rushes to your aid. [demonic ancestry]
   262 | D:1      | Reached XP level 2. HP: 23/23 MP: 2/2
   887 | D:2      | Gained mutation: You sometimes gain a little power by taking damage. [demonic ancestry]
   887 | D:2      | Reached XP level 3. HP: 21/28 MP: 3/3
  1329 | D:2      | Gained mutation: You have large cloven feet. [demonic ancestry]
  1329 | D:2      | Reached XP level 4. HP: 28/35 MP: 4/4
  1683 | D:2      | Found a glowing golden altar of the Shining One.
  2086 | D:3      | Reached skill level 4 in Long Blades
  2352 | D:3      | Gained mutation: A demonic guardian rushes to your aid. [demonic ancestry]
  2352 | D:3      | Reached XP level 5. HP: 9/42 MP: 5/5
  2889 | D:3      | Gained mutation: You have hoof-like feet. [demonic ancestry]
  2889 | D:3      | Reached XP level 6. HP: 35/49 MP: 6/6
  3290 | D:4      | Reached skill level 1 in Armour
  3312 | D:4      | Noticed a troll
  3322 | D:4      | HP: 2/49 [troll (4)]
  3337 | D:4      | Killed a troll
  3337 | D:4      | Reached skill level 5 in Fighting
  3337 | D:4      | Reached skill level 5 in Long Blades
  3941 | D:4      | Found a sparkling altar of Nemelex Xobeh.
  3941 | D:4      | Found a sacrificial altar of Ru.
  3941 | D:4      | Found a shadowy altar of Dithmenos.
  3977 | D:4      | Reached XP level 7. HP: 56/56 MP: 7/7
  4091 | D:5      | Entered Level 5 of the Dungeon
  5487 | D:6      | Reached skill level 6 in Fighting
  5500 | D:6      | Found a staircase to the Ecumenical Temple.
  5539 | Temple   | Entered the Ecumenical Temple
  5852 | Temple   | Became a worshipper of Makhleb the Destroyer
  5959 | D:6      | Reached skill level 1 in Invocations
  5959 | D:6      | Reached XP level 8. HP: 48/64 MP: 8/8
  5988 | D:6      | Noticed Edmund
  5995 | D:6      | Killed Edmund
  6022 | D:6      | Noticed Eustachio
  6026 | D:6      | Killed Eustachio
  6435 | D:7      | Noticed Menkaure
  6452 | D:7      | Killed Menkaure
  6792 | D:6      | HP: 3/65 [killer bee (4)]
  6795 | D:6      | Acquired Makhleb's first power
  7633 | D:7      | Reached skill level 7 in Fighting
  7957 | D:7      | Found a shattered altar of Ashenzari.
  8116 | D:7      | Reached XP level 9. HP: 72/72 MP: 12/12
  8268 | D:7      | Noticed Crazy Yiuf
  8275 | D:7      | Paralysed by Crazy Yiuf for 3 turns
  8278 | D:7      | Killed Crazy Yiuf
  8568 | D:8      | Noticed Pikel
  8574 | D:8      | Killed Pikel
  8574 | D:8      | Reached skill level 5 in Armour
  8574 | D:8      | Reached skill level 5 in Invocations
  8850 | D:8      | Noticed Joseph
  8880 | D:8      | HP: 1/66 [something (10)]
  8883 | D:8      | Shot with a sling bullet by something

Action                   |  1- 3 |  4- 6 |  7- 9 || total
-------------------------+-------+-------+-------++-------
Melee: Long sword        |   140 |   229 |   340 ||   709
Throw: Tomahawk          |       |       |     4 ||     4
       Throwing net      |       |       |     2 ||     2
  Use: Scroll            |       |    11 |     5 ||    16
       Potion            |       |     3 |     6 ||     9
  Eat: Chunk             |     1 |     9 |    14 ||    24
       Fruit             |       |       |     2 ||     2
